 Dungeon Crawl Stone Soup version 0.30.0 (webtiles) character file.

Game seed: 10903968850094936926

113 Zaphkiel the Trooper (level 4, -5/38 HPs)
             Began as a Barachi Cinder Acolyte on Oct 1, 2023.
             Was a High Priest of Ignis.
             Slain by a gnoll
             ... wielding a +0 flail
              (11 damage)
             ... on level 3 of the Dungeon.
             The game lasted 00:15:35 (2394 turns).

Zaphkiel the Trooper (Barachi Cinder Acolyte)       Turns: 2394, Time: 00:15:35

Health: -5/38      AC:  3    Str: 16    XL:     4   Next: 96%
Magic:  1/6        EV: 11    Int: 16    God:    Ignis [*****.]
Gold:   109        SH:  0    Dex:  7    Spells: 4/6 levels left

rFire   + + .        a - -1 falchion (flame)
rCold   . . .        (no shield)
rNeg    . . .        b - +0 robe
rPois   .            (no helmet)
rElec   .            (no cloak)
rCorr   .            g - +0 pair of gloves
SInv    +            (no boots)
Will    .....        (no amulet)
Stlth   +            i - ring of see invisible
HPRegen 0.26/turn    j - ring of protection from fire
MPRegen 0.10/turn

%: no passive effects
@: slow
A: amphibious, slowness 1, strong legs 1, +LOS
a: Hop, Renounce Religion, Fiery Armour, Foxfire Swarm, Rising Flame


You were on level 3 of the Dungeon.
You worshipped Ignis.
Ignis was extremely pleased with you.
You visited 1 branch of the dungeon, and saw 3 of its levels.

You collected 109 gold pieces.

Inventory:

Hand Weapons
 a - a -1 falchion of flaming (weapon)
Armour
 b - a +0 robe (worn)
 g - a +0 pair of gloves (worn)
Jewellery
 i - a ring of see invisible (left hand)
 j - a ring of protection from fire (right hand)
Scrolls
 c - 2 scrolls of teleportation {unknown}
 f - 3 scrolls of enchant armour {unknown}
 h - a scroll of fear {unknown}
 k - 5 scrolls of identify {unknown}
 l - a scroll of butterflies {unknown}
 n - a scroll of vulnerability {unknown}
 o - a scroll of immolation {unknown}
Potions
 d - a potion of magic {unknown}
 e - 3 potions of curing {unknown}
 m - a potion of brilliance {unknown}


   Skills:
 + Level 4.6 Fighting
 + Level 4.4 Long Blades
 + Level 1.3 Dodging
 + Level 0.1 Stealth
 + Level 1.5 Spellcasting
 + Level 4.2 Fire Magic


You had 4 spell levels left.
You knew the following spells:

 Your Spells              Type           Power      Damage    Failure   Level
a - Scorch                Fire           28%        2d6       6%          2

Your spell library contained the following spells:

 Spells                   Type           Power      Damage    Failure   Level
 Sublimation of Blood     Necr           1%         N/A       32%         2
 Petrify                  Tmut/Erth      1%         N/A       91%         4
 Irradiate                Conj/Tmut      0%         3d11      99%         5


Dungeon Overview and Level Annotations

Branches:
Dungeon (3/15)

Altars:


Innate Abilities, Weirdness & Mutations

You are amphibious.
You cover ground slowly.
You can hop short distances.
You have an extended range of vision and can be seen from far away.


Message History

You now have 109 gold pieces (gained 8).
A gnoll comes into view. It is wielding a +0 club.
The gnoll shouts!
You hear a shout!
A gnoll comes into view. It is wielding a +0 flail.
Casting: Scorch (safe; 6% risk of failure)
Confirm with . or Enter, or press ? or * to list all spells.
You can't see any susceptible monsters within range! (Use Z to cast anyway.)
The gnoll shouts!
A bat comes into view.
A gnoll comes into view. It is wielding a +0 spear. x2
The bat moves out of view.
Casting: Scorch (safe; 6% risk of failure)
Confirm with . or Enter, or press ? or * to list all spells.
You miscast Scorch.
You are very lightly contaminated with residual magic.
Nothing appears to happen.
You hit the gnoll but do no damage. The gnoll hits you with a +0 club.
You hit the gnoll. You burn the gnoll.
The gnoll is moderately wounded.
You hit the gnoll but do no damage. You closely miss the gnoll.
The gnoll hits you with a +0 flail.
You closely miss the gnoll. The gnoll hits you with a +0 flail!
Casting: Scorch (safe; 6% risk of failure)
Confirm with . or Enter, or press ? or * to list all spells.
Flames lash the gnoll.
You kill the gnoll!
The gnoll hits you with a +0 flail!
Your magical contamination has completely faded away.
Casting: Scorch (safe; 6% risk of failure)
Confirm with . or Enter, or press ? or * to list all spells.
Flames lash the gnoll but do no damage.
The gnoll hits you with a +0 flail!
* * * LOW HITPOINT WARNING * * *
The gnoll hits you from afar with a +0 spear.
* * * LOW HITPOINT WARNING * * *
The gnoll attacks as you move away! The gnoll closely misses you.
The gnoll hits you but does no damage.
The gnoll hits you from afar with a +0 spear.
* * * LOW HITPOINT WARNING * * *
You barely miss the gnoll. The gnoll hits you with a +0 flail!
You die...

###.######.
#..........
#.#.######. #.#.#
###########.#.######.
#.......<..†.........
##.##################.
###.#.############# #.
#..###g@..).......# #.
#.#.#g###########.# #.
#.##g## #.# #. .. #.#
#.#####. .#######)#
######.......
.g.g.g..g#
#......(.....
.#........#
#.###########
#.b.####.# ##. .#


You could see 3 gnolls.

Vanquished Creatures
  5 adders (D:2)
  A gnoll (D:3)
  3 dart slugs (D:1)
  6 endoplasms
  A giant cockroach (D:2)
  6 hobgoblins (D:1)
  4 jackals (D:2)
  4 kobolds (D:1)
  7 ball pythons
  5 bats
  2 frilled lizards (D:1)
  5 goblins
  5 rats
54 creatures vanquished.

Notes
Turn   | Place    | Note
-------+----------+-------------------------------------------
     0 | D:1      | Zaphkiel the Barachi Cinder Acolyte began the quest for the
                  | Orb.
     0 | D:1      | Reached XP level 1. HP: 18/18 MP: 2/2
   197 | D:1      | Reached XP level 2. HP: 16/25 MP: 3/3
   451 | D:1      | Learned a level 2 spell: Scorch
   607 | D:1      | Reached XP level 3. HP: 28/30 MP: 2/4
  1184 | D:2      | Reached skill level 1 in Dodging
  1184 | D:2      | Reached XP level 4. HP: 31/37 MP: 0/6
  1277 | D:2      | Found a faded altar of an unknown god.
  2394 | D:3      | Slain by a gnoll

Illustrated notes

Levels and vault maps discovered:
D:1:      lemuel_arrival_room, layout_loops_cross
D:2:      layout_loops_ring, chequers_ecumenical_altar_lobes
D:3:      layout_loops_ring, st_stairs_5

Skill      XL: |  1  2  3 |
---------------+----------+-----
Fighting       | 4 |  4.6
Long Blades    | 4 |  4.4
Dodging        | 1 |  1.3
Fire Magic     | 4 |  4.2
Stealth        | |  0.1
Spellcasting   | |  1.5

Action                     |  1- 3 |  4- 6 || total
---------------------------+-------+-------++-------
  Melee: Falchion          |   130 |    46 ||   176
         Punch             |     1 |       ||     1
   Cast: Scorch            |    10 |    11 ||    21
 Armour: Robe              |    24 |    17 ||    41
  Dodge: Dodged            |    62 |    29 ||    91
